 Dungeon Crawl Stone Soup version 0.31-a0-750-gfe7b580527 (webtiles) character file.

Game seed: 16056703385433833880

2071 heikuro the Blocker (level 9, -2/71 HPs)
             Began as a Formicid Fighter on Sept 15, 2023.
             Slain by a gnoll bouda
             ... wielding a +0 whip
              (3 damage)
             ... on level 5 of the Dungeon.
             The game lasted 00:13:01 (4762 turns).

heikuro the Blocker (Formicid Fighter)              Turns: 4762, Time: 00:13:01

Health: -2/71      AC: 13    Str: 32    XL:     9   Next: 50%
Magic:  9/9        EV:  9    Int:  7    God:
Gold:   264        SH:  6    Dex: 13    Spells: 8/8 levels left

rFire   . . .        g - +0 bardiche
rCold   . . .        c - +0 buckler
rNeg    + . .        t - +3 chain mail
rPois   .            (helmet unavailable)
rElec   .            (no cloak)
rCorr   .            (no gloves)
SInv    +            (no boots)
Will    .....        (no amulet) Stlth
                     f - ring of positive energy
HPRegen 0.31/turn    x - +6 ring of strength
MPRegen 0.11/turn

%: no passive effects
@: weakened
A: permanent stasis, dig shafts and tunnels, antennae 3, four strong arms
a: Dig, Shaft Self


You were on level 5 of the Dungeon.
You visited 1 branch of the dungeon, and saw 6 of its levels.

You collected 264 gold pieces.

Inventory:

Hand Weapons
 a - a +0 war axe
 g - a +0 bardiche (weapon)
 w - a +1 spear of venom
Armour
 c - a +0 buckler (worn)
 t - a +3 chain mail (worn)
Jewellery
 f - a ring of positive energy (left hand)
 h - a ring of magical power
 x - a +6 ring of strength (right hand)
 y - a ring of protection from cold
Scrolls
 b - a scroll of butterflies {unknown}
 i - 2 scrolls of fear {unknown}
 j - 4 scrolls of identify {unknown}
 k - 3 scrolls of teleportation {unknown}
 n - a scroll of acquirement {unknown}
 p - a scroll of silence {unknown}
 r - a scroll of torment {unknown}
 s - a scroll of poison {unknown}
 z - a scroll of enchant weapon {unknown}
Potions
 d - a potion of might
 e - 2 potions of brilliance {unknown}
 l - 2 potions of degeneration {unknown}
 m - a potion of cancellation {unknown}
 o - a potion of ambrosia {unknown}
 q - 2 potions of mutation {unknown}
 u - a potion of haste {unknown}
 v - 2 potions of invisibility {unknown}


   Skills:
 + Level 6.7 Fighting
 * Level 7.8 Axes
 + Level 6.6 Armour
 + Level 8.0 Shields


You had 8 spell levels left.
You didn't know any spells.
Your spell library was empty.

Dungeon Overview and Level Annotations

Branches:
Dungeon (6/15)
 Temple: D:4-7

Altars:
Dithmenos
Trog


Innate Abilities, Weirdness & Mutations

You cannot be hasted, slowed, berserked, paralysed or teleported.
You can dig through walls and to a lower floor.
You have a pair of large antennae on your head. (SInv)
Your four strong arms can wield two-handed weapons with a shield.


Message History

The gnoll hits you but does no damage. The gnoll hits you with a +0 flail!
The gnoll hits you from afar with a +0 halberd!
The gnoll bouda hits you with a +0 whip!
The gnoll hits you from afar with a +0 spear.
The gnoll bouda barks out a call to the hunt!
The gnolls pick up the pace!
You block the gnoll's attack.
The gnoll hits you from afar with a +0 halberd!
* * * LOW HITPOINT WARNING * * *
The gnoll hits you but does no damage. You block the gnoll's attack.
The gnoll hits you but does no damage.
The gnoll bouda mumbles some strange prayers to its god.
The gnoll bouda is healed somewhat.
You climb upwards.
There is a stone staircase leading down here.
Unknown command.
You barely miss the gnoll bouda.
The gnoll bouda is moderately wounded.
The gnoll hits you with a +0 flail.
* * * LOW HITPOINT WARNING * * *
The gnoll bouda hits you with a +0 whip.
* * * LOW HITPOINT WARNING * * *
You hit the gnoll bouda but do no damage.
The gnoll bouda is moderately wounded.
The gnoll hits you but does no damage.
The gnoll bouda hits you with a +0 whip.
* * * LOW HITPOINT WARNING * * *
The gnoll barely misses you. The gnoll bouda barely misses you.
You slash the gnoll bouda!
The gnoll bouda is almost dead.
Your attacks no longer feel as feeble.
The gnoll hits you with a +0 flail.
* * * LOW HITPOINT WARNING * * *
The gnoll bouda hits you with a +0 whip!
* * * LOW HITPOINT WARNING * * *
The gnoll hits you but does no damage.
The gnoll bouda gazes fiercely through you!
You feel your attacks grow feeble.
The gnoll bouda hits you with a +0 whip.
You die...

............# ##.[......#
............## ##..#######
.............# ##..##
.............# ##..##
............## #...#
.........#### ##.#.# .....###.#
##.##.###### ###### #.##
##g.##......## #..#
##@.#######...## #..#####.g##
###.#.## ####.....#..##
##.##.#.## ###..........##
##.#.##.#.## #............#
##.#.#.##.#.# ##...........##
##.#.#.#.##.#.
##...........#.#####.#.###.#.##.#
...#.[.......##..##.#.##.##.#.##.
####.........#####.#.##.#.##.#.##


You could see a gnoll bouda and a gnoll (swift).

Vanquished Creatures
  A two-headed ogre (D:6)
  Sigmund (D:3)
  An ice beast (D:5)
  A black bear (D:5)
  3 ogres (D:5)
  4 scorpions
  A howler monkey (D:5)
  5 hounds
  3 jellies
  Jessica (D:2)
  3 iguanas
  An orc wizard (D:5)
  Robin (D:2)
  4 gnolls
  8 adders
  2 shadow imps
  An ufetubus (D:5)
  2 worms
  2 dart slugs
  17 orcs
  9 ball pythons
  6 bats
  5 endoplasms
  A giant cockroach (D:3)
  19 goblins
  6 hobgoblins
  4 jackals (D:1)
  2 quokkas
  2 frilled lizards (D:2)
  6 kobolds
  5 rats
127 creatures vanquished.

Notes
Turn   | Place    | Note
-------+----------+-------------------------------------------
     0 | D:1      | heikuro the Formicid Fighter began the quest for the Orb.
     0 | D:1      | Reached XP level 1. HP: 18/18 MP: 1/1
   137 | D:1      | Reached XP level 2. HP: 19/24 MP: 2/2
   592 | D:1      | Reached XP level 3. HP: 29/29 MP: 3/3
   732 | D:2      | Noticed Jessica
   815 | D:2      | Killed Jessica
   816 | D:2      | Reached XP level 4. HP: 37/37 MP: 4/4
   884 | D:2      | Noticed Robin
   902 | D:2      | Killed Robin
  1051 | D:2      | Reached XP level 5. HP: 39/42 MP: 5/5
  1596 | D:3      | Reached skill level 5 in Shields
  1679 | D:3      | Found a bloodstained altar of Trog.
  1760 | D:3      | Noticed Sigmund
  1768 | D:3      | Killed Sigmund
  1769 | D:3      | Reached XP level 6. HP: 30/49 MP: 6/6
  2033 | D:3      | Found a faded altar of an unknown god.
  2591 | D:4      | Reached XP level 7. HP: 55/55 MP: 7/7
  3255 | D:4      | Reached skill level 5 in Axes
  3435 | D:5      | Entered Level 5 of the Dungeon
  3448 | D:5      | Reached skill level 6 in Shields
  3525 | D:5      | Reached skill level 5 in Fighting
  3525 | D:5      | Reached skill level 5 in Armour
  3585 | D:5      | Reached XP level 8. HP: 62/62 MP: 8/8
  3780 | D:5      | Found a shadowy altar of Dithmenos.
  4030 | D:5      | Reached skill level 7 in Shields
  4601 | D:6      | Reached XP level 9. HP: 69/69 MP: 9/9
  4676 | D:6      | Noticed a two-headed ogre
  4685 | D:6      | Killed a two-headed ogre
  4686 | D:6      | Reached skill level 8 in Shields
  4762 | D:5      | HP: 1/71 [gnoll bouda/+0 whip (8)]
  4762 | D:5      | Slain by a gnoll bouda

Illustrated notes

Levels and vault maps discovered:
D:1:      roderic_dead_forest, layout_loops_cross
D:2:      layout_rooms, serial_forest, infiniplex_forest_clump_medium,
          infiniplex_forest_straight_5, infiniplex_forest_clump_diagonal,
          infiniplex_forest_clump_tiny, infiniplex_forest_clump_curved,
          infiniplex_forest_clump_double, infiniplex_forest_clump_curved,
          infiniplex_forest_split, infiniplex_forest_lined_room_2, uniq_jessica,
          uniq_robin
D:3:      layout_loops_ring, mainiacjoe_overflow_brackets,
          ebering_ecumenical_altar_abandoned, glass_columns_b,
          kennysheep_crisscross, wad_rectangle_vault, uniq_sigmund
D:4:      layout_loops_ring, hangedman_decor_points
D:5:      minmay_inner_zag, layout_cave_pods, nicolae_dithmenos_shadow_blocks
D:6:      layout_rooms, serial_corexii_hall, corexii_hall_statues_l,
          corexii_hall_statues_u, chequers_hall_statues_wall_a,
          chequers_hall_statues_wall_a

Skill      XL: |  1  2  3  4  5  6  7  8  9 |
---------------+----------------------------+-----
Axes           | 3 4 5 6 7 |  7.8
Armour         | 4 5 6 |  6.6
Fighting       | 4 5 6 |  6.7
Shields        | 5 6 7 8 |  8.0

Action                     |  1- 3 |  4- 6 |  7- 9 || total
---------------------------+-------+-------+-------++-------
  Melee: War axe           |    38 |   146 |    12 ||   196
         Bardiche          |       |       |   164 ||   164
Ability: Dig               |       |       |     1 ||     1
 Armour: Plate armour      |    40 |   121 |       ||   161
         Chain mail        |       |       |   192 ||   192
  Dodge: Dodged            |    14 |    49 |    86 ||   149
  Block: Buckler           |     8 |    43 |    69 ||   120

Table legend: (Time is in decaauts)
 A = Elapsed time spent in this place.
 B = Non-inter-level travel time spent in this place.
 C = Inter-level travel time spent in this place.
 D = Time resting spent in this place.
 E = Time spent auto-exploring this place.
 F = Levels seen in this place.
 G = Mean time per level.
                   A        B        C        D        E       F      G
               +--------+--------+--------+--------+--------+-----+--------+
         Total |   4948 |   4701 |    247 |    497 |   2773 |   6 |  824.7 |
       Dungeon |   4948 |   4701 |    247 |    497 |   2773 |   6 |  824.7 |
               +--------+--------+--------+--------+--------+-----+--------+

Top non-repeatable levels by time:
     D:5: 1250 daAuts
     D:4: 1093 daAuts
     D:3: 868 daAuts
     D:1: 799 daAuts
     D:2: 797 daAuts
     D:6: 139 daAuts
